 Dungeon Crawl Stone Soup version 0.30.1-11-g7821555f0a (webtiles) character file.

Game seed: 12772605315698530784

499890 Artemis2 the Conqueror (level 24, -5/249 HPs)
             Began as a Minotaur Fighter on Dec 26, 2023.
             Was the Champion of Qazlal.
             Slain by a rakshasa
             ... wielding a +0 trident
              (8 damage)
             ... on level 1 of the Depths on Dec 28, 2023.
             The game lasted 04:39:22 (71690 turns).

Artemis2 the Conqueror (Minotaur Fighter)          Turns: 71690, Time: 04:39:23

Health: -5/249     AC: 39    Str: 37    XL:     24   Next: 2%
Magic:  3/31       EV: 10    Int:  3    God:    Qazlal [******]
Gold:   6503       SH: 13    Dex: 16    Spells: 23/23 levels left

rFire   + + .        U - +10 great mace of the Growing Sybil {flame, *Noise rN+++ rCorr Str+3}
rCold   . . .        (shield currently unavailable)
rNeg    + + +        B - +9 plate armour of Tucisucluy {Str+3}
rPois   +            N - +2 hat
rElec   +            u - scarf {shadows}
rCorr   +            a - +3 Mad Mage's Maulers {Infuse+∞ VampMP -Cast}
SInv    +            d - +2 pair of boots {Fly}
Will    +++..        q - amulet of reflection Stlth
                     y - ring "Upoathreu" {rF++ rN+ Will++ Dex+3}
HPRegen 0.61/turn    Z - ring of the Evil One {rPois Int-4 Dex+3 SInv}
MPRegen 0.22/turn

%: no spellcasting, repel missiles, reflection, infuse magic (3 MP)
@: protected from electricity, flying, studying Short Blades
A: horns 2, retaliatory headbutt
}: 2/15 runes: decaying, gossamer
a: Renounce Religion, Upheaval, Elemental Force, Disaster Area


You were on level 1 of the Depths.
You worshipped Qazlal.
Qazlal was exalted by your worship.
You visited 10 branches of the dungeon, and saw 43 of its levels.
You visited the Abyss 1 time.
You also visited: Trove, Gauntlet and Volcano.

You collected 9409 gold pieces.
You spent 2906 gold pieces at shops.

Inventory:

Hand Weapons
 E - a +9 eveningstar of protection
 U - the +10 great mace of the Growing Sybil (weapon) {flame, *Noise rN+++ rCorr Str+3}
   (You acquired it on level 4 of the Lair of Beasts)

   Str:       It affects your strength (+3).
   rN:        It renders you almost immune to negative energy.
   *Noise:    It may make noises in combat.
   rCorr:     It protects you from acid and corrosion.
Missiles
 O - 9 atropa-tipped darts (quivered)
Armour
 a - the +3 Mad Mage's Maulers (worn) {Infuse+∞ VampMP -Cast}
   (You found it in a treasure trove)

   Infuse+∞: It empowers its wearer's blows with all of their magic.
   VampMP:    Blows struck in melee replenish the wearer's magic.
   -Cast:     It prevents spellcasting.
 d - a +2 pair of boots of flying (worn)
 l - a +0 kite shield of reflection
 n - a +1 tower shield of positive energy
 o - the +1 hat of the Onion {+Blink rF++ rC- Str-5}
   (You acquired it on level 4 of the Vaults)

   Str:       It affects your strength (-5).
   rF:        It greatly protects you from fire.
   rC:        It makes you vulnerable to cold.
   +Blink:    It lets you blink.
 u - a scarf of shadows (worn)
 B - the +9 plate armour of Tucisucluy (worn) {Str+3}
   (You found it on level 2 of the Vaults)

   Str:       It affects your strength (+3).
 N - a +2 hat (worn)
Jewellery
 c - the ring "Ugiddamp" {rC+ rN+}
   (You found it on level 3 of the Crypt)

   [ring of positive energy]

   rC:        It protects you from cold.
   rN:        It protects you from negative energy.
 i - the ring of Toxol {rF- rC+ MP+9 Dex+6 Slay+4}
   (You found it on level 3 of the Dungeon)

   [ring of slaying]

   Dex:       It affects your dexterity (+6).
   Slay:      It affects your accuracy & damage with ranged weapons and melee
   (+4).
   rF:        It makes you vulnerable to fire.
   rC:        It protects you from cold.
   MP:        It affects your magic capacity (+9).
 p - the amulet of Atamoul {Acrobat rPois Will- Slay+2}
   (You found it on level 12 of the Dungeon)

   [amulet of the acrobat]

   It increases your evasion while moving and waiting.
   Slay:      It affects your accuracy & damage with ranged weapons and melee
   (+2).
   rPois:     It protects you from poison.
   Will:      It decreases your willpower.
 q - an amulet of reflection (around neck)
 y - the ring "Upoathreu" (left hand) {rF++ rN+ Will++ Dex+3}
   (You took it off a skeletal warrior on level 3 of the Crypt)

   [ring of positive energy]

   Dex:       It affects your dexterity (+3).
   rF:        It greatly protects you from fire.
   rN:        It protects you from negative energy.
   Will:      It greatly increases your willpower.
 C - the ring of Egulumos {Ice Fly rElec Str-4}
   (You took it off a deep elf pyromancer on level 3 of the Elven Halls)

   [ring of ice]

   It enhances your ice magic.
   Str:       It affects your strength (-4).
   rF:        It makes you vulnerable to fire.
   rC:        It protects you from cold.
   rElec:     It insulates you from electricity.
   Fly:       It grants you flight.
 J - an amulet of regeneration
 L - an amulet of magic regeneration
 P - the ring of Xaiguor {rC+ EV+5 Int+2}
   (You took it off a deep elf master archer on level 3 of the Elven Halls)

   [ring of evasion]

   EV:        It affects your evasion (+5).
   Int:       It affects your intelligence (+2).
   rC:        It protects you from cold.
 S - a +6 ring of strength
 Z - the ring of the Evil One (right hand) {rPois Int-4 Dex+3 SInv}
   (You found it in a Gauntlet)

   [ring of see invisible]

   Int:       It affects your intelligence (-4).
   Dex:       It affects your dexterity (+3).
   rPois:     It protects you from poison.
   SInv:      It lets you see invisible.
Wands
 f - a wand of flame (60)
 j - a wand of quicksilver (46)
 s - a wand of polymorph (25)
 x - a wand of digging (2)
 I - a wand of paralysis (56)
 K - a wand of mindburst (28)
 T - a wand of iceblast (50)
Scrolls
 h - 25 scrolls of identify
 k - 2 scrolls of silence
 r - 3 scrolls of magic mapping
 t - 11 scrolls of fog
 v - 9 scrolls of poison
 D - 16 scrolls of teleportation
 F - 3 scrolls of fear
 Q - 4 scrolls of summoning
Potions
 e - 8 potions of curing
 g - a potion of resistance
 m - 5 potions of invisibility
 w - 10 potions of ambrosia
 A - 3 potions of haste
 G - a potion of might
 M - 6 potions of cancellation
 X - 6 potions of berserk rage
 Y - a potion of magic
Miscellaneous
 b - a condenser vane
 R - a lightning rod (4/4)
 V - a phantom mirror


   Skills:
 O Level 27 Fighting
 - Level 5.1 Short Blades
 - Level 3.3(16.9) Axes
 - Level 25.0(25.1) Maces & Flails
 - Level 7.0 Throwing
 - Level 20.7 Armour
 - Level 1.7 Dodging
 - Level 0.4 Stealth
 * Level 24.1 Shields
 * Level 13.3 Invocations
 * Level 12.4 Evocations


You had 23 spell levels left.
You didn't know any spells.
Your spell library contained the following spells:

 Spells                   Type           Power      Damage    Failure   Level
 Apportation              Tloc           0%         N/A       88%         1
 Freeze                   Ice            0%         1d3       88%         1
 Necrotise                Necr           0%         1d4       88%         1
 Slow                     Hex            0%         N/A       88%         1
 Sting                    Tmut/Pois      0%         1d3       88%         1
 Summon Small Mammal      Summ           0%         N/A       88%         1
 Blink                    Tloc           0%         N/A       96%         2
 Cigotuvi's Dreadful Rot  Necr/Pois/Air  0%         N/A       96%         2
 Ensorcelled Hibernation  Hex/Ice        0%         N/A       96%         2
 Lesser Beckoning         Tloc           0%         N/A       96%         2
 Momentum Strike          Conj/Tloc      0%         3d8       96%         2
 Passwall                 Tmut/Erth      0%         N/A       96%         2
 Poisonous Vapours        Pois/Air       0%         N/A       96%         2
 Sublimation of Blood     Necr           0%         N/A       96%         2
 Call Canine Familiar     Summ           0%         N/A       99%         3
 Confusing Touch          Hex            0%         N/A       99%         3
 Dazzling Flash           Conj/Hex       0%         N/A       99%         3
 Frozen Ramparts          Ice            0%         1d1       99%         3
 Gell's Gravitas          Tloc           0%         N/A       99%         3
 Ignite Poison            Fire/Tmut/Pois 0%         N/A       99%         3
 Inner Flame              Hex/Fire       0%         N/A       99%         3
 Portal Projectile        Hex/Tloc       0%         N/A       99%         3
 Swiftness                Air            0%         N/A       99%         3
 Teleport Other           Tloc           0%         N/A       99%         3
 Tukima's Dance           Hex            0%         N/A       99%         3
 Vampiric Draining        Necr           0%         2d6       99%         3
 Vhi's Electric Charge    Tloc/Air       0%         N/A       99%         3
 Volatile Blastmotes      Fire/Tloc      0%         2d10      99%         3
 Anguish                  Hex/Necr       0%         N/A       100%        4
 Animate Armour           Summ/Erth      0%         N/A       100%        4
 Animate Dead             Necr           0%         N/A       100%        4
 Flame Wave               Conj/Fire      0%         2d4       100%        4
 Ice Form                 Ice/Tmut       0%         N/A       100%        4
 Iskenderun's Mystic Bla  Conj/Tloc      0%         2d3       100%        4
 Leda's Liquefaction      Hex/Erth       0%         N/A       100%        4
 Manifold Assault         Tloc           0%         N/A       100%        4
 Olgreb's Toxic Radiance  Pois           0%         N/A       100%        4
 Passage of Golubria      Tloc           0%         N/A       100%        4
 Sticky Flame             Conj/Fire      0%         2d3       100%        4
 Summon Ice Beast         Ice/Summ       0%         N/A       100%        4
 Alistair's Intoxication  Tmut/Pois      0%         N/A       100%        5
 Arcjolt                  Conj/Air       0%         1d10      100%        5
 Blade Hands              Tmut           0%         N/A       100%        5
 Borgnjor's Vile Clutch   Necr/Erth      0%         N/A       100%        5
 Fireball                 Conj/Fire      0%         3d3       100%        5
 Freezing Cloud           Conj/Ice/Air   0%         6-21      100%        5
 Iskenderun's Battlesphe  Conj           0%         2d6       100%        5
 Silence                  Hex/Air        0%         N/A       100%        5
 Conjure Ball Lightning   Conj/Air       0%         3x3d6     100%        6
 Death Channel            Necr           0%         N/A       100%        6
 Dispersal                Tloc           0%         N/A       100%        6
 Eringya's Noxious Bog    Tmut/Pois      0%         N/A       100%        6
 Iron Shot                Conj/Erth      0%         9d1       100%        6
 Plasma Beam              Fire/Air       0%         2x1d11    100%        6
 Starburst                Conj/Fire      0%         6d3       100%        6
 Orb of Destruction       Conj           0%         9d5       100%        7
 Spellforged Servitor     Conj/Summ      0%         N/A       100%        7
 Storm Form               Tmut/Air       0%         N/A       100%        7
 Borgnjor's Revivificati  Necr           0%         N/A       100%        8
 Discord                  Hex            0%         N/A       100%        8
 Disjunction              Tloc           0%         N/A       100%        8
 Ignition                 Fire           0%         3d3       100%        8
 Lehudib's Crystal Spear  Conj/Erth      0%         10d2      100%        8
 Death's Door             Necr           0%         N/A       100%        9


Dungeon Overview and Level Annotations

Branches:
Dungeon (15/15)            Temple (0/1) D:4            Lair (5/5) D:10
  Swamp (4/4) Lair:3       Spider (4/4) Lair:2        Slime (0/5) Lair:5
    Orc (2/2) D:12            Elf (3/3) Orc:2        Vaults (4/5) D:13
  Crypt (3/3) Vaults:3       Tomb (2/3) Crypt:3      Depths (1/4) D:15
Volcano (visited)         Gauntlet (visited)

Altars:
Cheibriados
Dithmenos
Elyvilon
Fedhas
Gozag
Kikubaaqudgha
Makhleb
Nemelex Xobeh
Okawaru
Qazlal
Sif Muna
Trog
Uskayaw
Wu Jian
Yredelemnul
The Shining One
Jiyva
Lugonu

Shops:
D:3 *   Orc:2 =*!(=   Vaults:1 :

Portals:
Abyss: Depths:1

Annotations:
D:3 2 transporters, koorschki's ghost, amateur DsHW
D:5 3 runed translucent doors, ratatoskos's ghost, novice KoDe; ratatoskos's ghost, weakling KoDe
D:9 3 runed translucent doors, ripuliukko's ghost, journeyman GrEE


Innate Abilities, Weirdness & Mutations

You have a pair of horns on your head.
You reflexively headbutt those who attack you in melee.


Message History

The spark wasp bursts into living lightning!
The living lightning misses the spark wasp.
The living lightning hits you!
Your resistance to physical damage fades away.
You feel protected from electricity.
* * * LOW HITPOINT WARNING * * *
The spark wasp blinks!
The rakshasa hits you but does no damage.
Unknown command.
You miss the spark wasp.
The spark wasp is severely wounded.
The spark wasp stings you!
* * * LOW HITPOINT WARNING * * *
The spark wasp shocks you. You resist.
* * * LOW HITPOINT WARNING * * *
The rakshasa closely misses you. You block the spark wasp's attack.
The spark wasp stings you but does no damage. x2
You feel better.
The rakshasa hits you but does no damage.
The spark wasp barely misses you. You furiously retaliate!
You headbutt the spark wasp. The spark wasp stings you!
* * * LOW HITPOINT WARNING * * *
The spark wasp shocks you. You resist.
* * * LOW HITPOINT WARNING * * *
The spark wasp stings you!
* * * LOW HITPOINT WARNING * * *
The spark wasp shocks you. You resist.
* * * LOW HITPOINT WARNING * * *
You block the rakshasa's attack.
You pound the spark wasp like an anvil!!!
You burn the spark wasp!
You kill the spark wasp!
Qazlal accepts your kill.
The spark wasp stings you but does no damage.
The spark wasp stings you!
* * * LOW HITPOINT WARNING * * *
The spark wasp shocks you. You resist.
* * * LOW HITPOINT WARNING * * *
The rakshasa hits you from afar with a +0 trident!
You die...

##....#§_§#...
#...[.u#u..#
#...†.#
#.u##.#####
#.........#
#.........#
#.§.R○....#
#.yyu§....#
####V@○..####
#<.##†°○##.>#
#...#..§#...#
##..#...#'.#
#####))...#####
#...(.........#
#......⌠.)....#
#.............#
#####.....#####


You could see a cyan very ugly thing, a vampire knight (fast, invisible), a
green ugly thing, a rakshasa (fast) and 2 spark wasps.

Vanquished Creatures
  A dread lich (Crypt:3)
  4 royal mummies (Tomb:1)
  Xtahua (Crypt:2)
  A profane servitor (Abyss:3)
  2 bone dragons (Crypt:3)
  Jorgrun (Orc:1)
  Zenata (Vaults:4)
  A tentacled monstrosity (Vaults:4)
  6 liches
  4 deep elf master archers (Elf:3)
  5 deep elf blademasters
  A titan (Vaults:3)
  2 tentacled starspawn
  3 thorn hunters
  9 sphinxes
  13 ancient champions
  Gastronok (D:9)
  A tengu reaver (Vaults:4)
  Donald (Crypt:2)
  2 revenants (Tomb:1)
  A daeva (Abyss:2)
  6 emperor scorpions
  A frost giant (Depths:1)
  7 ghost moths
  7 deep elf sorcerers
  12 vault wardens
  Louise (D:15)
  2 deep elf elementalists (Elf:3)
  4 orc warlords
  18 ghouls
  22 ironbound preservers
  A reaper (Crypt:2)
  4 curse skulls
  A caustic shrike skeleton (Tomb:2)
  A war gargoyle (Vaults:1)
  12 very ugly things
  3 stone giants
  8 ironbound thunderhulks
  3 broodmothers
  4 vampire knights
  A rockslime zombie (Crypt:2)
  4 deep elf demonologists
  2 bennus (Tomb:1)
  5 deep elf annihilators
  24 dire elephants
  6 eleionomae
  3 spark wasps
  A minotaur (Gauntlet)
  2 bunyips
  An eidolon (Crypt:3)
  A crystal guardian (Vaults:4)
  Snorg (Orc:1)
  2 green deaths (Swamp:4)
  15 mummy priests
  A fire dragon (Lair:5)
  9 deep elf death magi
  11 entropy weavers
  Josephine (D:15)
  A shambling mangrove (Swamp:4)
  The ghost of sand the Cleaver, a journeyman HOFi of Nemelex Xobeh (Orc:1)
  8 jiangshi
  11 great orbs of eyes
  An ice dragon (Depths:1)
  2 spriggan zombies
  2 hell beasts (Swamp:4)
  10 ironbound frosthearts
  2 rakshasas (Depths:1)
  12 yaktaur captains
  3 peacekeepers
  Fannar (D:10)
  2 deep elf high priests
  3 ghost crabs
  10 vault guards
  2 catoblepae
  10 hydras
  A quicksilver dragon skeleton (Crypt:3)
  4 ogre magi
  12 centaur warriors
  4 jorogumos
  A death knight (D:14)
  21 two-headed ogres
  An Orb Guardian zombie (Crypt:2)
  An Orb Guardian skeleton (Crypt:2)
  2 fenstrider witch skeletons
  7 radroaches
  22 dancing weapons
  4 deep troll earth magi
  5 alligators
  7 boulder beetles
  6 death yaks (Lair:5)
  Urug (Lair:1)
  17 death scarabs
  5 vampire magi
  2 orc high priests
  23 deep elf knights
  6 thrashing horrors
  9 spriggans
  An iron troll (Vaults:2)
  52 skeletal warriors
  A skyshark (Lair:5)
  3 flayed ghosts
  A fire crab (Lair:3)
  A goliath frog (shapeshifter) (Vaults:4)
  7 pharaoh ants
  2 sun moths
  2 titan skeletons (Crypt:3)
  3 shadow wraiths (Crypt:3)
  8 goliath frogs
  53 deep trolls
  2 glowing orange brains
  2 spriggan druids
  14 swamp dragons
  12 orb spiders
  8 deep elf archers
  12 bog bodies
  7 lindwurms
  7 wizards
  An anaconda skeleton (Volcano)
  A swamp dragon (shapeshifter) (D:13)
  7 orc knights
  2 harpies (shapeshifter)
  7 necromancers
  10 phantasmal warriors
  31 deep elf zephyrmancers
  A mana viper (shapeshifter) (Vaults:1)
  2 wolf spider zombies (Spider:4)
  A shadow dragon skeleton (Crypt:3)
  A steelbarb worm (shapeshifter) (D:15)
  17 ironbound convokers
  15 wolf spiders
  6 harpies
  4 steelbarb worms
  29 deep elf pyromancers
  4 orc sorcerers
  31 ugly things
  10 cyclopes
  A stone giant zombie (Vaults:4)
  A frost giant zombie (Vaults:4)
  6 elephants (Lair:4)
  3 will-o-the-wisps
  7 moths of wrath
  2 manticores (D:12)
  An elephant (shapeshifter) (D:14)
  2 rust devils (Abyss:2)
  An eye of devastation (shapeshifter) (Vaults:3)
  9 demonic crawlers
  A human skeleton (Vaults:2)
  32 slime creatures
  A stone giant skeleton (Vaults:4)
  8 molten gargoyles
  A smoke demon (Abyss:2)
  3 black mambas
  11 vault sentinels
  5 torpor snails
  8 gargoyles
  A storm dragon simulacrum (Crypt:2)
  5 centaur skeletons (Crypt:3)
  An elephant slug zombie (Crypt:3)
  A shock serpent skeleton (Crypt:2)
  An orange demon (Swamp:4)
  A hellion (Abyss:2)
  2 freezing wraiths
  17 yaktaurs
  9 cane toads
  4 rime drakes
  3 spectral redbacks (Spider:4)
  2 alligator snapping turtle skeletons (Crypt:3)
  2 dire elephant skeletons (Crypt:3)
  An anaconda simulacrum (Tomb:1)
  An efreet (D:14)
  9 komodo dragons
  A white draconian zombie (Crypt:1)
  A yaktaur skeleton (Vaults:1)
  3 human zombies
  17 guardian mummies
  3 tengu conjurers
  2 ancient zymes (Abyss:2)
  A silent spectre (Vaults:2)
  A yellow draconian skeleton (Crypt:1)
  12 meliai
  18 trolls
  5 tyrant leeches
  A hydra skeleton (Tomb:1)
  A hydra zombie (Crypt:1)
  2 polar bears
  13 hornets
  42 tarantellas
  4 spectral jumping spiders (Spider:4)
  A culicivora zombie (Spider:4)
  9 harpy skeletons
  2 large abominations (Abyss:2)
  A wind drake (shapeshifter) (Elf:1)
  3 raiju (Abyss:2)
  Prince Ribbit (D:5)
  2 ice dragon zombies
  11 dream sheep
  5 tarantella zombies (Spider:4)
  A jumping spider zombie (Spider:4)
  17 blink frogs
  A spectral tarantella (Spider:4)
  A human simulacrum (Vaults:1)
  A fire dragon zombie (Crypt:3)
  35 jumping spiders
  37 flying skulls
  A centaur simulacrum (D:14)
  4 ettin skeletons
  2 vampires
  Sigmund (D:2)
  20 culicivoras
  3 air elementals
  A water elemental (Elf:1)
  5 shadows
  6 wyverns
  7 ushabtiu
  3 alligator skeletons (Volcano)
  A black mamba zombie (Crypt:1)
  10 wraiths
  60 yaks
  A satyr skeleton (Crypt:2)
  A ynoxinul (Abyss:2)
  11 basilisks
  3 fire bats (Elf:1)
  Grum (D:10)
  4 fire elementals
  4 steam dragons
  82 redbacks
  Edmund (D:4)
  6 vampire mosquitoes
  A naga zombie (Tomb:2)
  3 wargs
  A harpy simulacrum (Crypt:1)
  2 acid dragons (D:12)
  Duvessa (D:6)
  A deep troll zombie (Crypt:2)
  3 small abominations
  5 hell hounds (Lair:5)
  19 swamp worms
  A glowing shapeshifter skeleton (Vaults:4)
  14 water moccasins
  A cane toad zombie (Crypt:2)
  2 ice beasts (D:5)
  25 orc warriors
  A cane toad skeleton (Crypt:1)
  A black bear (D:5)
  32 ogres
  An elephant zombie (Crypt:3)
  17 wolves
  14 centaurs
  7 boggarts
  A phantom (D:8)
  A vine stalker zombie (Crypt:3)
  6 kobold brigands
  5 bullfrogs
  8 necrophages
  2 scorpions (D:6)
  7 gnoll sergeants
  2 earth elementals (Elf:3)
  A komodo dragon skeleton (Crypt:1)
  8 wights (D:10)
  Dowan (D:6)
  9 killer bees
  A yak skeleton (Crypt:2)
  7 howler monkeys
  2 troll skeletons (Volcano)
  8 spriggan skeletons
  2 electric eels
  5 lava snakes (Lair:5)
  A quasit (Abyss:2)
  32 orc priests
  5 jellies
  9 hounds
  A gnoll bouda (D:7)
  2 sleepcaps
  2 iguanas
  20 orc wizards
  A sky beast zombie (Crypt:1)
  16 mummies
  31 gnolls
  10 adders
  A howler monkey skeleton (Crypt:1)
  A shadow imp (D:7)
  2 white imps
  2 ufetubi
  2 adder skeletons (Crypt:1)
  6 worms
  A dart slug (D:1)
  74 orcs
  4 bats
  4 endoplasms
  3 giant cockroaches
  7 goblins
  9 hobgoblins
  10 jackals
  2 quokkas
  4 ball pythons
  4 frilled lizards
  17 kobolds
  7 rats
  A rat zombie (Crypt:1)
  A river rat skeleton (Crypt:2)
  A butterfly (Lair:4)
  A starspawn tentacle (Abyss:2)
2066 creatures vanquished.

Vanquished Creatures (collateral kills)
  2 mummies (Tomb:2)
2 creatures vanquished.

Vanquished Creatures (others)
  A spriggan (Swamp:1)
  2 deep elf knights
  A deep elf pyromancer (Elf:1)
  A hornet (Swamp:1)
  3 bloated husks
  A water elemental (Elf:3)
  A swamp drake (Swamp:1)
  A human (D:4)
  8 foxfires (Swamp:4)
  A starspawn tentacle (Abyss:2)
20 creatures vanquished.

Grand Total: 2088 creatures vanquished

Notes
Turn   | Place    | Note
-------+----------+-------------------------------------------
     0 | D:1      | Artemis2 the Minotaur Fighter began the quest for the Orb.
     0 | D:1      | Reached XP level 1. HP: 19/19 MP: 0/0
    25 | D:1      | Reached XP level 2. HP: 27/27 MP: 1/1
    89 | D:1      | Reached skill level 4 in Fighting
   364 | D:1      | Reached XP level 3. HP: 32/33 MP: 2/2
   659 | D:1      | Found a faded altar of an unknown god.
   888 | D:2      | Found a blossoming altar of Fedhas.
  1036 | D:2      | Noticed Sigmund
  1048 | D:2      | Killed Sigmund
  1049 | D:2      | Reached skill level 1 in Short Blades
  1049 | D:2      | Reached skill level 5 in Armour
  1049 | D:2      | Reached XP level 4. HP: 35/41 MP: 3/3
  1049 | D:2      | Reached XP level 5. HP: 41/47 MP: 4/4
  1695 | D:3      | Noticed koorschki's ghost (amateur DsHW)
  1704 | D:3      | Found a transporter.
  1717 | D:3      | Identified the ring of Toxol {rF- rC+ MP+9 Dex+6 Slay+4}
  1957 | D:3      | Found Xemecarr's General Store.
  2125 | D:3      | Found a stormy altar of Qazlal.
  2140 | D:3      | Became a worshipper of Qazlal Stormbringer
  2161 | D:3      | Found an iron altar of Okawaru.
  2384 | D:3      | Found a transporter.
  2750 | D:4      | Found a staircase to the Ecumenical Temple.
  2838 | D:4      | Found a snail-covered altar of Cheibriados.
  2838 | D:4      | Found an opulent altar of Gozag.
  2838 | D:4      | Found a hide-covered altar of Uskayaw.
  2899 | D:4      | Identified the +3 mace of the Chickpea {drain, Fly Str-4
                  | Int-2 Stlth+}
  2908 | D:4      | Reached skill level 5 in Fighting
  3003 | D:4      | Found an ancient bone altar of Kikubaaqudgha.
  3007 | D:4      | Noticed a human
  3009 | D:4      | Killed a human
  3125 | D:4      | Reached XP level 6. HP: 55/56 MP: 5/5
  3398 | D:4      | Found a sparkling altar of Nemelex Xobeh.
  3399 | D:4      | Noticed Edmund
  3506 | D:4      | Killed Edmund
  3644 | D:5      | Entered Level 5 of the Dungeon
  3703 | D:5      | Reached XP level 7. HP: 60/61 MP: 6/6
  3715 | D:5      | Reached skill level 1 in Maces & Flails
  3717 | D:5      | Reached skill level 5 in Shields
  3780 | D:5      | Reached * piety under Qazlal
  3965 | D:5      | Found a glowing golden altar of the Shining One.
  4062 | D:5      | Found a runed translucent gate.
  4062 | D:5      | Found a runed translucent gate.
  4062 | D:5      | Found a runed translucent gate.
  4063 | D:5      | Noticed ratatoskos's ghost (novice KoDe)
  4063 | D:5      | Noticed ratatoskos's ghost (weakling KoDe)
  4066 | D:5      | Noticed ratatoskos's ghost (weakling KoDe)
  4120 | D:5      | Noticed Prince Ribbit
  4124 | D:5      | Killed Prince Ribbit
  4125 | D:5      | Reached skill level 5 in Short Blades
  4125 | D:5      | Reached XP level 8. HP: 69/69 MP: 7/7
  4977 | D:6      | Noticed Dowan
  4978 | D:6      | Noticed Duvessa
  4981 | D:6      | Killed Dowan
  4986 | D:6      | Reached skill level 5 in Maces & Flails
  4986 | D:6      | Killed Duvessa
  5316 | D:6      | Reached skill level 1 in Dodging
  5370 | D:6      | Found a blossoming altar of Fedhas.
  5453 | D:6      | Found a burning altar of Makhleb.
  5462 | D:6      | Reached ** piety under Qazlal
  5921 | D:6      | Reached XP level 9. HP: 75/75 MP: 8/8
  5997 | D:6      | Reached skill level 6 in Fighting
  6134 | D:7      | Identified a scroll of acquirement
  6134 | D:7      | Acquired a +3 eveningstar of protection
  7150 | D:8      | Reached skill level 10 in Maces & Flails
  7436 | D:8      | Found a shadowy altar of Dithmenos.
  7458 | D:8      | Found a shimmering blue altar of Sif Muna.
  7483 | D:8      | Got Sif Muna's Disquisition on the Glacier
  7607 | D:8      | Reached *** piety under Qazlal
  7672 | D:8      | Reached XP level 10. HP: 59/84 MP: 9/9
  8183 | D:9      | Noticed Gastronok
  8195 | D:9      | Killed Gastronok
  8196 | D:9      | Reached skill level 7 in Fighting
  8499 | D:9      | Found a basalt altar of Yredelemnul.
  8618 | D:9      | Noticed a two-headed ogre
  8788 | D:9      | Reached **** piety under Qazlal
  8941 | D:9      | Reached skill level 1 in Invocations
  9179 | D:9      | Found a runed translucent gate.
  9179 | D:9      | Found a runed translucent gate.
  9179 | D:9      | Found a runed translucent gate.
  9181 | D:9      | Noticed ripuliukko's ghost (journeyman GrEE)
  9405 | D:10     | Entered Level 10 of the Dungeon
  9440 | D:10     | Found a staircase to the Lair.
  9612 | D:10     | Noticed a gargoyle
  9620 | D:10     | Killed a gargoyle
  9624 | D:10     | Noticed Grum
  9637 | D:10     | Killed Grum
  9638 | D:10     | Reached skill level 8 in Fighting
  9698 | D:10     | Found a white marble altar of Elyvilon.
  9757 | D:10     | Reached XP level 11. HP: 94/94 MP: 11/11
  9767 | D:10     | Found an ornate altar of the Wu Jian Council.
  9843 | D:10     | Found a portal to a secret trove of treasure.
 10130 | D:10     | Found a bloodstained altar of Trog.
 10373 | Lair:1   | Entered Level 1 of the Lair of Beasts
 10373 | Lair:1   | Noticed Fannar
 10373 | Lair:1   | Noticed Urug
 10578 | D:10     | Killed Fannar
 10647 | Lair:1   | Killed Urug
 10648 | Lair:1   | Reached skill level 15 in Maces & Flails
 10847 | Lair:1   | Reached skill level 9 in Fighting
 10899 | Lair:1   | Reached ***** piety under Qazlal
 11426 | Lair:1   | Identified the +1 long sword of the Growing Scorpion
                  | {heavy, Drain rElec Int+7 Dex+3}
 11559 | Lair:2   | Found a gate leading to a gauntlet.
 11576 | Lair:2   | Reached skill level 10 in Armour
 11610 | Gauntlet | Entered a Gauntlet
 11610 | Gauntlet | Found a transporter.
 11610 | Gauntlet | Found a transporter.
 11619 | Gauntlet | Found a transporter.
 11623 | Gauntlet | Noticed a fire crab
 11631 | Gauntlet | Found a transporter.
 11680 | Gauntlet | Noticed a catoblepas
 11692 | Gauntlet | Found a transporter.
 11703 | Gauntlet | Found a transporter.
 11763 | Gauntlet | Killed a catoblepas
 11764 | Gauntlet | Reached skill level 5 in Invocations
 11770 | Gauntlet | Found a transporter.
 11776 | Gauntlet | Identified the +6 quarterstaff of Spores {flame, rElec rC++
                  | Int+3 SInv}
 11827 | Gauntlet | Noticed a necromancer
 11827 | Gauntlet | Found a transporter.
 11830 | Gauntlet | Killed a necromancer
 11831 | Gauntlet | Reached XP level 12. HP: 105/106 MP: 14/14
 11863 | Gauntlet | Noticed a ghost crab
 11868 | Gauntlet | Identified the ring of the Evil One {rPois Int-4 Dex+3
                  | SInv}
 11902 | Gauntlet | Found a transporter.
 11912 | Gauntlet | Found a transporter.
 11919 | Gauntlet | Found a transporter.
 11926 | Gauntlet | Killed a ghost crab
 11935 | Gauntlet | Found a transporter.
 11939 | Gauntlet | Identified the ring "Ereyn" {Wiz rN+}
 12002 | Gauntlet | Noticed a minotaur
 12013 | Gauntlet | Killed a minotaur
 12014 | Gauntlet | Reached skill level 10 in Fighting
 12044 | Gauntlet | Noticed a blizzard demon
 12305 | Lair:2   | Found a hole to the Spider Nest.
 12953 | Spider:1 | Entered Level 1 of the Spider Nest
 13139 | Spider:1 | Reached skill level 11 in Fighting
 13514 | Spider:1 | Noticed a broodmother
 13521 | Spider:1 | Killed a broodmother
 13736 | Spider:1 | Noticed a boulder beetle
 13750 | Spider:1 | Killed a boulder beetle
 13751 | Spider:1 | Reached XP level 13. HP: 93/117 MP: 17/17
 14039 | Spider:1 | Noticed a ghost moth
 14052 | Spider:1 | Killed a ghost moth
 14053 | Spider:1 | Reached skill level 12 in Fighting
 14931 | Spider:1 | Noticed an emperor scorpion
 14942 | Spider:1 | Killed an emperor scorpion
 15247 | Spider:2 | Noticed a broodmother
 15265 | Spider:2 | Killed a broodmother
 15487 | Spider:2 | Noticed a broodmother
 15592 | Spider:1 | Reached ****** piety under Qazlal
 15758 | Spider:1 | Killed a broodmother
 15759 | Spider:1 | Reached skill level 13 in Fighting
 15852 | Spider:2 | Reached skill level 1 in Throwing
 16172 | Spider:2 | Reached XP level 14. HP: 115/129 MP: 19/19
 16257 | Spider:2 | Noticed an emperor scorpion
 16268 | Spider:2 | Killed an emperor scorpion
 17243 | Spider:2 | Reached skill level 14 in Fighting
 17285 | Spider:3 | HP: 5/132 [radroach (16)]
 17780 | Spider:3 | Noticed a ghost moth
 17787 | Spider:3 | Killed a ghost moth
 17788 | Spider:3 | Noticed a ghost moth
 17793 | Spider:3 | Killed a ghost moth
 17984 | Spider:3 | Reached skill level 1 in Evocations
 18155 | Spider:2 | Reached skill level 15 in Fighting
 18518 | Spider:3 | Reached skill level 16 in Fighting
 19268 | Lair:3   | Found a staircase to the Swamp.
 19330 | Lair:3   | Found a dark tunnel.
 19342 | Volcano  | Entered a volcano
 19435 | Volcano  | Reached skill level 17 in Fighting
 19435 | Volcano  | Reached skill level 15 in Armour
 19532 | Volcano  | Reached XP level 15. HP: 135/147 MP: 20/20
 19934 | Lair:3   | Identified the +3 dagger of Gomoqef {flame, rC+ Will+ SInv}
 20601 | Lair:4   | Reached skill level 18 in Fighting
 21304 | Lair:4   | Acquired the +10 great mace of the Growing Sybil {flame,
                  | *Noise rN+++ rCorr Str+3}
 21318 | Lair:5   | Entered Level 5 of the Lair of Beasts
 21557 | Lair:5   | Reached skill level 19 in Fighting
 21634 | Lair:5   | Identified the +2 robe "Uruc" {Str+4}
 21636 | Lair:5   | Found a staircase to the Slime Pits.
 21869 | Lair:5   | Reached skill level 20 in Fighting
 22580 | Lair:5   | Found a viscous altar of Jiyva.
 22724 | Lair:5   | Found a large runed translucent door.
 22725 | Lair:5   | Found a large runed translucent door.
 23569 | Spider:4 | Entered Level 4 of the Spider Nest
 23901 | Spider:3 | Reached skill level 5 in Evocations
 24679 | Spider:3 | Reached skill level 21 in Fighting
 24765 | Spider:4 | Reached XP level 16. HP: 155/167 MP: 21/21
 26249 | Spider:4 | Reached skill level 22 in Fighting
 27114 | Spider:4 | Got a gossamer rune of Zot
 27630 | D:3      | Bought the +0 pearl dragon scales of the Realm of Zot {rN+
                  | Regen+ rCorr} for 1088 gold pieces
 28182 | D:10     | You paid a toll of the pearl dragon scales of the Realm of
                  | Zot to enter a treasure trove
 28183 | Trove    | Entered a treasure trove
 28192 | Trove    | Identified the +1 cloak of the Frog {rF- Int-4 SInv Stlth+}
 28193 | Trove    | Identified the +0 cloak "Haem" {Harm Stlth+}
 28215 | Trove    | Found the +3 Mad Mage's Maulers {Infuse+∞ VampMP -Cast}
 28222 | Trove    | Identified the +1 pair of gloves of Ciypt {Contam rPois
                  | Str+5}
 30442 | D:12     | Identified the amulet of Atamoul {Acrobat rPois Will-
                  | Slay+2}
 31307 | D:12     | Found a staircase to the Orcish Mines.
 32398 | Orc:1    | Entered Level 1 of the Orcish Mines
 32398 | Orc:1    | Noticed Jorgrun
 32402 | Orc:1    | Killed Jorgrun
 32411 | Orc:1    | Noticed Snorg
 32420 | Orc:1    | Killed Snorg
 32548 | Orc:1    | Found a runed translucent gate.
 32548 | Orc:1    | Found a runed translucent gate.
 32548 | Orc:1    | Found a runed translucent gate.
 32549 | Orc:1    | Noticed sand's ghost (journeyman HOFi)
 33236 | Orc:1    | Killed sand's ghost
 33376 | Orc:2    | Entered Level 2 of the Orcish Mines
 33405 | Orc:2    | Reached XP level 17. HP: 143/178 MP: 2/22
 33910 | Orc:1    | Reached skill level 23 in Fighting
 34843 | Orc:2    | Found a staircase to the Elven Halls.
 35010 | Orc:2    | Found Vecad's Jewellery Shoppe.
 35015 | Orc:2    | Found Zuzauhyr's Distillery.
 35017 | Orc:2    | Bought a ring of protection from cold for 375 gold pieces
 35017 | Orc:2    | Bought a ring of wizardry for 450 gold pieces
 35017 | Orc:2    | Bought an amulet of faith for 600 gold pieces
 35023 | Orc:2    | Found Pigonli's Assorted Antiques.
 35024 | Orc:2    | Found Fourabei's Jewellery Shoppe.
 35043 | Orc:2    | Bought a copper wand for 96 gold pieces
 35043 | Orc:2    | Bought a scroll of fog for 96 gold pieces
 35043 | Orc:2    | Bought a wand of polymorph (6) for 201 gold pieces
 35166 | Orc:2    | Found Wiggi's Weapon Boutique.
 35331 | Elf:1    | Entered Level 1 of the Elven Halls
 35331 | Elf:1    | Found a runed translucent gate.
 35331 | Elf:1    | Found a runed translucent gate.
 35331 | Elf:1    | Found a runed translucent gate.
 35331 | Elf:1    | Found a runed translucent gate.
 35331 | Elf:1    | Found a runed translucent gate.
 35331 | Elf:1    | Found a runed translucent gate.
 35339 | Elf:1    | Found a runed translucent door.
 35346 | Elf:1    | Found a runed translucent door.
 36160 | Elf:1    | You are sucked into a shaft and drop 1 floor!
 36160 | Elf:2    | Found a runed translucent gate.
 36160 | Elf:2    | Found a runed translucent gate.
 36160 | Elf:2    | Found a runed translucent gate.
 36484 | Elf:2    | Identified the +0 halberd "Pucarghiun" {flame, rElec Str+2
                  | SInv}
 38361 | Elf:2    | Reached skill level 24 in Fighting
 39624 | Elf:2    | Reached XP level 18. HP: 57/191 MP: 2/23
 40758 | Elf:3    | Entered Level 3 of the Elven Halls
 41074 | Elf:3    | Paralysed by an air elemental for 1 turns
 41771 | Elf:3    | Identified the ring of Xaiguor {rC+ EV+5 Int+2}
 41796 | Elf:3    | Identified the +8 whip of the Nurturing King {heavy, Str+2}
 41800 | Elf:3    | Reached skill level 25 in Fighting
 41809 | Abyss:2  | Cast into level 2 of the Abyss (a deep elf sorcerer)
 42142 | Abyss:3  | Noticed a profane servitor
 42157 | Abyss:3  | Killed a profane servitor
 42193 | Elf:3    | Escaped the Abyss
 42345 | Elf:3    | Identified the +1 chain mail "Sattam" {Fly rElec Regen+
                  | Str-2}
 42355 | Elf:3    | Noticed a Brimstone Fiend
 42373 | Elf:3    | Identified the ring of Egulumos {Ice Fly rElec Str-4}
 42387 | Elf:3    | Found the +27 heavy crossbow "Sniper" {heavy, Acc+∞ SInv}
 42511 | Elf:3    | Identified the staff of death "Ihoeduaf" {rN+ Str+4 Dex+3}
 42522 | Elf:3    | Identified the staff of air "Gijaj" {rElec rC++ Int+2}
 43149 | D:13     | Reached XP level 19. HP: 181/203 MP: 1/25
 43233 | D:13     | Found a gate to the Vaults.
 43804 | D:13     | Paralysed by a sphinx for 2 turns
 43845 | D:13     | Reached skill level 26 in Fighting
 46405 | D:15     | Entered Level 15 of the Dungeon
 46425 | D:15     | Noticed Louise
 46431 | D:15     | Noticed Josephine
 46434 | D:15     | Killed Louise
 46436 | D:15     | Killed Josephine
 46477 | D:15     | Reached skill level 10 in Evocations
 47345 | D:15     | Found a staircase to the Depths.
 47847 | D:15     | Identified the staff of air "Esaloppur" {rElec rPois}
 48365 | Swamp:1  | Entered Level 1 of the Swamp
 50882 | Swamp:3  | Identified the +0 pair of gloves "Gaff" {rElec rPois Dex+6
                  | Stlth-}
 50896 | Swamp:3  | Reached skill level 27 in Fighting
 50896 | Swamp:3  | Reached XP level 20. HP: 216/216 MP: 7/26
 51219 | Swamp:4  | Entered Level 4 of the Swamp
 51236 | Swamp:4  | Reached skill level 10 in Invocations
 52011 | Swamp:4  | Got a decaying rune of Zot
 52999 | Vaults:1 | Entered Level 1 of the Vaults
 53057 | Vaults:1 | Found Sonkoirr's Book Shoppe.
 55638 | Vaults:2 | Paralysed by a great orb of eyes for 5 turns
 55915 | Vaults:2 | Reached XP level 21. HP: 81/224 MP: 4/28
 56572 | Vaults:2 | Reached skill level 10 in Shields
 57345 | Vaults:2 | Found a transporter.
 57499 | Vaults:2 | Found a transporter.
 57499 | Vaults:2 | Found a runed translucent door.
 57499 | Vaults:2 | Found a bloodstained altar of Trog.
 57499 | Vaults:2 | Found the +8 Wrath of Trog {antimagic, *Rage Rampage}
 57581 | Vaults:2 | Identified the +2 eveningstar "Folicacs" {heavy, rF+ rC-
                  | Int+8 SInv}
 57585 | Vaults:2 | Identified the +9 plate armour of Tucisucluy {Str+3}
 58697 | Vaults:3 | Reached skill level 5 in Throwing
 59998 | Vaults:3 | Reached skill level 15 in Shields
 60106 | Vaults:3 | Found a staircase to the Crypt.
 60106 | Vaults:3 | Found an ancient bone altar of Kikubaaqudgha.
 60107 | Vaults:3 | Found a basalt altar of Yredelemnul.
 60388 | Crypt:1  | Entered Level 1 of the Crypt
 60768 | Crypt:1  | Reached XP level 22. HP: 233/233 MP: 6/29
 62028 | Crypt:2  | Noticed Donald
 62043 | Crypt:2  | Killed Donald
 62355 | Crypt:2  | Noticed Xtahua
 62378 | Crypt:2  | Paralysed by Xtahua for 2 turns
 62652 | Crypt:2  | Killed Xtahua
 63102 | Crypt:3  | Entered Level 3 of the Crypt
 63696 | Crypt:3  | Identified the +8 long sword of the Rescuing Seer {heavy,
                  | Will+ Int+6}
 63734 | Crypt:3  | Found a staircase to the Tomb.
 64197 | Crypt:3  | Found an ancient bone altar of Kikubaaqudgha.
 64205 | Crypt:3  | Noticed a dread lich
 64207 | Crypt:3  | Paralysed by a dread lich for 2 turns
 64212 | Crypt:3  | Killed a dread lich
 64214 | Crypt:3  | Identified the ring "Upoathreu" {rF++ rN+ Will++ Dex+3}
 64595 | Crypt:3  | Reached XP level 23. HP: 233/240 MP: 2/31
 64716 | Crypt:3  | Got the Elucidation of Debased Spells
 64717 | Crypt:3  | Identified the ring "Ugiddamp" {rC+ rN+}
 64717 | Crypt:3  | Identified the ring "Kellid" {rN+ Str+2}
 65225 | Tomb:1   | Entered Level 1 of the Tomb of the Ancients
 65540 | Tomb:1   | Noticed a royal mummy
 65547 | Tomb:1   | Killed a royal mummy
 66125 | Tomb:1   | Noticed a royal mummy
 66135 | Tomb:1   | Killed a royal mummy
 66404 | Tomb:1   | Noticed a royal mummy
 66409 | Tomb:1   | Killed a royal mummy
 67576 | Tomb:1   | Noticed a royal mummy
 67581 | Tomb:1   | Killed a royal mummy
 67861 | Tomb:2   | Noticed a royal mummy
 67861 | Tomb:2   | Noticed a royal mummy
 67868 | Tomb:2   | Noticed a royal mummy
 67873 | Tomb:2   | Noticed a royal mummy
 68125 | Tomb:2   | Noticed a royal mummy
 70883 | Vaults:4 | Noticed Zenata
 70887 | Vaults:4 | Killed Zenata
 71183 | Vaults:4 | Acquired the +1 hat of the Onion {+Blink rF++ rC- Str-5}
 71473 | Depths:1 | Entered Level 1 of the Depths
 71658 | Depths:1 | Found a corrupted altar of Lugonu.
 71658 | Depths:1 | Found a one-way gate to the infinite horrors of the Abyss.
 71667 | Depths:1 | Reached XP level 24. HP: 249/249 MP: 4/31
 71690 | Depths:1 | HP: 8/249 [spark wasp (15)]
 71690 | Depths:1 | HP: 3/249 [spark wasp (5)]
 71690 | Depths:1 | Slain by a rakshasa

Illustrated notes

Levels and vault maps discovered:
D:1:      lemuel_arrival_rhombus, layout_loops_ring,
          hellmonk_ecumenical_altar_defaced_shrine, solitary_fountain, hex_tiny,
          dk_noncrumbling_4
D:2:      layout_basic, basic_altar, hex_medium, minmay_tetromino_t4,
          uniq_sigmund
D:3:      layout_basic, mainiacjoe_overflow_catwalk, okawaru_metal_pillars_1_2,
          serial_shops, nicolae_shop_getting_attention,
          gammafunk_ghost_stat_death
D:4:      layout_basic, tgw_kikubaaqudgha, gammafunk_temple_overflow_claw,
          nemelex_spade_bored_becter, minmay_temple_entry_crystal_x, uniq_edmund
D:5:      layout_layer_cave, tso_oasis_becter, gammafunk_ghost_cemetery,
          serial_glass, glass_columns_a, glass_columns_c, glass_columns_b,
          glass_columns_b, glass_columns_b, glass_columns_c, uniq_prince_ribbit1
D:6:      layout_layer_cave, fedhas_altar_2, makhleb_blood_cavern_becter,
          uniq_duvessa
D:7:      layout_basic, serial_glass, glass_columns_b, glass_columns_b
D:8:      kennysheep_housing_project, layout_loops_cross, led_sif_book,
          grunt_dithmenos_shadows, minmay_misc_feat_iff
D:9:      layout_basic, nicolae_overflow_crystal_walls,
          ebering_ghost_rock_garden, uniq_gastronok
D:10:     layout_irregular_city, nzn_wu_jian_council_hall, tgw_trog,
          elyvilon_altar_3, erik_lair_island, trove_entry_hex_spiral, uniq_grum
D:11:     minmay_general_purpose_star, layout_loops_ring, kennysheep_nub
D:12:     minmay_clustersquares, layout_basic,
          kennysheep_orc_monster_closet_entryway
D:13:     hourglass_vault, layout_loops_ring, grunt_vaults_entry_fortified,
          kennysheep_generic_room_8
D:14:     kennysheep_blocky_room, layout_rooms, chequers_serial_rivers_large_b
D:15:     gammafunk_enter_depths_forms, layout_stronghold, minmay_crystal_water,
          minivault_20, uniq_josephine, uniq_louise
Lair:1:   layout_regular_city, serial_bayou_shore_a, grunt_megastairs_5,
          uniq_fannar, uniq_urug
Lair:2:   layout_cave_pods, spider_nest_entry_a, gauntlet_entry_generic
Lair:3:   layout_roguey, swamp_mist, nicolae_volcano_entry_two_sided,
          lemuel_another_geyser
Lair:4:   layout_gridlike, lemuel_fruit_fields
Lair:5:   cheibrodos_lair_end_hotspot, layout_hall_layers, slime_entry_1
Swamp:1:  layout_basic_swamp, evilmike_swamp_ruin_rubble_1,
          infiniplex_staircase_pool
Swamp:2:  layout_falls_marsh, hangedman_swamp_pad, infiniplex_staircase_pool_2
Swamp:3:  layout_basic_swamp, evilmike_swamp_ruin_house_3, swamp_pool1
Swamp:4:  swamp_vile, layout_basic_swamp
Spider:1: nicolae_spider_hilbert_zone_2 [nicolae_spider_hilbert_4_sides_1_open,
          nicolae_spider_hilbert_4_sides_1_open,
          nicolae_spider_hilbert_4_sides_1_open,
          nicolae_spider_hilbert_4_sides_1_open,
          nicolae_spider_hilbert_6_sides_1_open,
          nicolae_spider_hilbert_6_sides_1_open,
          nicolae_spider_hilbert_3_sides_1_open,
          nicolae_spider_hilbert_3_sides_1_open,
          nicolae_spider_hilbert_3_sides_1_open,
          nicolae_spider_hilbert_3_sides_1_open,
          nicolae_spider_hilbert_6_sides_1_open,
          nicolae_spider_hilbert_6_sides_1_open,
          nicolae_spider_hilbert_6_sides_1_open,
          nicolae_spider_hilbert_6_sides_1_open]
Spider:2: layout_spider_delve
Spider:3: layout_cave_pods
Spider:4: floodkiller_spider_rune_tomb, drop_trap
Orc:1:    layout_caves, basic_altar, gammafunk_ghost_split, uniq_jorgrun,
          uniq_snorg
Orc:2:    st_orc_open, layout_caves, serial_shops, shop, lightli_orcish_oven
Elf:1:    nicolae_elf_arrival_dilemma, layout_onion_city,
          minmay_elf_crystal_hexagon, st_stairs_9, minivault_8
Elf:2:    nicolae_elf_blades_crystal_corner, layout_geoelf_grid, special_room
          [special_room_orc], serial_sigils, serial_sigils_hangedman_gut,
          serial_sigils_hangedman_etch, serial_sigils_hangedman_snap
Elf:3:    minmay_elf_hall, layout_gridlike, nrook_mini_backslash
Vaults:1: nicolae_vaults_lightning_bolt, nicolae_vaults_storage_closets_2,
          vaults_room_stairs_pillars, vaults_room_grunt_arrival_ludios,
          nicolae_vaults_trapezoid_4, ontoclasm_vaults_twist,
          nicolae_vaults_storage_room_statues, nicolae_vaults_enemy_cabinets,
          layout_vaults_omnicross, serial_shops, shop
Vaults:2: v_misc_3, nicolae_vaults_ellipses_ellipsis, emtedronai_trogs_sanctum,
          grunt_vaults_focal, nicolae_vaults_rhombus_7, v_misc_13,
          vaults_mumra_chevron, nicolae_vaults_rhombus_7,
          nicolae_vaults_turnstiles, nicolae_vaults_door_testing_chamber,
          nicolae_vaults_storage_room_glass, v_misc_24,
          nicolae_vaults_sesquioval_fish, layout_vaults_omnibox
Vaults:3: v_misc_11, nicolae_vaults_security_offices_5,
          minmay_crypt_entry_necro_gods, nicolae_vaults_storage_closets_1,
          dpeg_vaults_monster_box, hangedman_vaults_pinch, v_pattern_4,
          nicolae_vaults_closet_pinwheel_1, layout_vaults_omnigrid
Vaults:4: v_misc_16, hangedman_vaults_stream, nicolae_vaults_house_2,
          nicolae_vaults_network_star, nicolae_vaults_twisting_passages,
          grunt_vaults_swirl, ontoclasm_vaults_shout, nicolae_vaults_two_Ls,
          nicolae_vaults_trapezoid_lopsided_3,
          nicolae_vaults_heart-shaped_vault,
          nicolae_vaults_trapezoid_lopsided_1, nicolae_vaults_little_squares_4,
          hangedman_vaults_nails, grunt_vaults_diagonal, layout_vaults_ring,
          uniq_zenata
Crypt:1:  layout_chaotic_city, nicolae_crypt_cryptocurrency,
          grunt_crypt_arrival_webbed, roderic_lattice_octagonal_star
Crypt:2:  layout_catacombs, grunt_megastairs_2, lemuel_elevator, uniq_xtahua,
          uniq_donald
Crypt:3:  church_of_pain_bobbens, layout_chaotic_city, tomb_entry_shell_bobbens,
          grunt_ministairs_7
Tomb:1
Tomb:2
Depths:1: layout_roguey [special_room_morgue], enter_ziggurat_d,
          grunt_qazlal_clouds, abyss_entry_flame_altar, hellmouth_2,
          st_stairs_4, nicolae_two_hexagons, grunt_decor_resistance,
          grunt_ministairs_6, lemuel_nasty_fountain

Skill      XL: |  1  2  3  4  5  6  7  8  9 10 11 12 13 14 15 16 17 18 19 20 21 22 23 |
---------------+----------------------------------------------------------------------+-----
Fighting       | 4 5 6 8 9 11 13 17 21 22 24 25 27 | 27.0
Armour         | 4 5 6 7 8 10 11 13 15 16 18 19 20 | 20.7
Shields        | 4 5 6 9 15 20 24 | 24.1
Short Blades   | 1 3 5 |  5.1
Axes           | 3 |  3.3
Maces & Flails | 4 7 11 14 15 17 18 19 20 21 22 23 25 | 25.0
Dodging        | 1 |  1.7
Invocations    | 2 5 7 8 9 11 12 13 | 13.3
Throwing       | 1 3 5 7 |  7.0
Evocations     | 2 5 6 8 9 10 11 12 | 12.4
Stealth        | |  0.4

Action                     |  1- 3 |  4- 6 |  7- 9 | 10-12 | 13-15 | 16-18 | 19-21 | 22-24 || total
---------------------------+-------+-------+-------+-------+-------+-------+-------+-------++-------
  Melee: War axe           |    24 |       |       |       |       |       |       |       ||    24
         Headbutt          |    13 |    14 |    32 |    94 |   190 |   127 |   229 |   194 ||   893
         Dagger            |    58 |    74 |       |       |       |       |       |       ||   132
         Flail             |       |     3 |    90 |       |       |       |       |       ||    93
         Eveningstar       |       |       |   123 |   410 |   616 |       |       |     9 ||  1158
         Great mace        |       |       |       |       |   217 |   799 |   987 |   811 ||  2814
  Throw: Dart              |       |       |       |       |     4 |       |       |       ||     4
 Invoke: Upheaval          |       |       |       |       |     1 |     2 |     1 |       ||     4
         Disaster Area     |       |       |       |       |       |     2 |       |       ||     2
  Evoke: Wand              |       |       |       |       |     3 |       |       |       ||     3
    Use: Scroll            |     4 |     6 |    14 |     8 |    10 |     9 |     5 |    10 ||    66
         Potion            |       |     1 |       |     1 |     7 |     7 |       |    24 ||    40
 Armour: Scale mail        |    16 |       |       |       |       |       |       |       ||    16
         Plate armour      |    16 |    33 |   116 |   133 |   514 |   385 |   546 |   448 ||  2191
  Dodge: Dodged            |    34 |    12 |    76 |    79 |   286 |   273 |   408 |   251 ||  1419
         Repelled          |       |       |     2 |     2 |     8 |    16 |    13 |     5 ||    46
  Block: Buckler           |    11 |    19 |    89 |   313 |   736 |       |       |       ||  1168
         Reflection        |       |       |       |     3 |     7 |    37 |    75 |     8 ||   130
         Other             |       |       |       |       |   169 |   466 |   598 |   423 ||  1656
         Tower shield      |       |       |       |       |       |       |       |     7 ||     7
